 Dungeon Crawl Stone Soup version 0.29-a0-841-g116ddc6ace (webtiles) character file.

Game seed: 5531307734672367727

128 jimonade the Trooper (level 5, 0/41 HPs)
             Began as a Djinni Fighter on July 14, 2022.
             Slain by a kobold
             ... wielding a +0 club
              (3 damage)
             ... on level 4 of the Dungeon.
             The game lasted 00:05:28 (3254 turns).

jimonade the Trooper (Djinni Fighter)               Turns: 3254, Time: 00:05:30

Health: 0/41       AC:  8    Str: 15    XL:     5   Next: 34%
Gold:   146        EV:  9    Int: 10    God:
                   SH:  5    Dex: 14

rFire   + + .      SeeInvis .   a - +0 long sword
rCold   x . .      Faith    .   c - +0 buckler
rNeg    . . .      Spirit   .   n - +0 scale mail
rPois   ∞          Reflect  .   (no helmet)
rElec   .          Harm     .   (no cloak)
rCorr   .          Rampage  .   l - +0 pair of gloves
Will    .....                   (boots unavailable)
Stlth   ..........              (no amulet)
HPRegen 0.13/turn               (no ring)
MPRegen 0.00/turn               (no ring)

@: mighty, flying
A: sickness immunity, fire resistance 2, cold vulnerability 1, float, innate
caster, HP casting, extra vitality 1
a: no special abilities


You were on level 4 of the Dungeon.
You visited 1 branch of the dungeon, and saw 4 of its levels.

You collected 146 gold pieces.

Inventory:

Hand Weapons
 a - a +0 long sword (weapon)
 b - a +0 vorpal sling
 k - a +0 hand axe
 s - a +0 hand axe
Missiles
 q - 3 javelins
Armour
 c - a +0 buckler (worn)
 l - a +0 pair of gloves (worn)
 n - a +0 scale mail (worn)
Jewellery
 o - an amulet of regeneration
Wands
 t - a wand of iceblast (1)
Scrolls
 f - a scroll of teleportation
 i - a scroll of identify
 u - a scroll of enchant weapon {unknown}
Potions
 e - 2 potions of mutation
 g - 2 potions of brilliance {unknown}
 h - a potion of heal wounds {unknown}
 j - a potion of invisibility {unknown}
 m - a potion of degeneration {unknown}
 p - a potion of flight {unknown}


   Skills:
 * Level 3.8 Fighting
 + Level 2.9 Long Blades
 + Level 0.9 Ranged Weapons
 + Level 3.5 Armour
 + Level 0.7 Dodging
 + Level 3.3 Shields
 - Level 0.1 Spellcasting


You had one spell level left.
You knew the following spells:

 Your Spells              Type           Power      Damage    Failure   Level
a - Slow                  Hex            0%         N/A       86%         1
b - Call Imp              Summ           0%         N/A       95%         2
Your spell library was empty.

Dungeon Overview and Level Annotations

Branches:
Dungeon (4/15)
 Temple: D:4-7

Altars:

Shops:
D:2 *


Innate Abilities, Weirdness & Mutations

You are immune to sickness and miasma.
You are immune to poison.
Your flesh is very heat resistant. (rF++)
You are vulnerable to cold. (rC-)
You float through the air rather than walking.
You learn spells naturally, not from books.
Your magical power is your life essence.
You have superior vitality. (+4 MHP)


Message History

* * * LOW HITPOINT WARNING * * *
The phantom blinks!
You blink.
You miss the phantom. Something hits you but does no damage.
You hear some strange, mumbled words.
The phantom hits you.
* * * LOW HITPOINT WARNING * * *
You hit the phantom.
The phantom is moderately damaged.
The phantom hits you.
* * * LOW HITPOINT WARNING * * *
You hear some strange, mumbled words.
You are confused.
You hear some strange, mumbled words.
A puff of flame appears from out of thin air!
The puff of flame hits something!
The orc hits you but does no damage.
You bump into the rock wall.
The phantom hits you.
* * * LOW HITPOINT WARNING * * *
The phantom blinks!
You blink.
Found a sedimented orange potion.
Found an escape hatch in the floor.
You're too confused to move!
The phantom closely misses you.
You bump into the rock wall.
The phantom closely misses you.
You miss the phantom.
The phantom is lightly damaged.
The phantom closely misses you.
The phantom hits you but does no damage.
You slash the phantom!
The phantom is severely damaged.
The phantom closely misses you.
You bump into the rock wall.
You feel less confused. The phantom hits you.
* * * LOW HITPOINT WARNING * * *
The phantom blinks!
You blink.
The orc hits you but does no damage.
You hit the phantom.
The phantom is almost destroyed.
The jackal barely misses you. The ball python barely misses you.
You block the ball python's attack.
You hear some strange, mumbled words.
Something hits you but does no damage. The kobold hits you with a +0 club.
You die...

**,,,,,*##>........#*******
**,⌠,**#.......r..#
**,,,,,**#.......h.#
,,,,>,,,,***,*#.#***
,,,,,,,,,,,*,*#)##
,,,***,,,⌠,,,*#.)#
,***,***,,,***##r#########
** **,***.##**#KW........#
* *,,,,.....#.@h.......# *
****,,***#..S.o.......#
*,,,,,* ###.h.......?#
*,,_,,* #.h........#
*,_8_,*#####..........#
****,,_,,*#...§..#.#######
,,>*,,...>.!######.# *****
,,,*,,...##** #.#**,,,**
,,,,,*#*** #.#*,,,,,**


You could see a phantom, a river rat, an orc, 3 jackals, a ball python and a
kobold.

Vanquished Creatures
  A scorpion (D:3)
  An adder (D:3)
  A worm (D:2)
  A dart slug (D:2)
  7 orcs
  5 endoplasms
  5 goblins
  3 hobgoblins
  4 jackals (D:3)
  2 quokkas
  2 ball pythons
  3 bats (D:3)
  6 frilled lizards
  A kobold (D:2)
  2 rats (D:3)
44 creatures vanquished.

Vanquished Creatures (others)
  An orc (D:3)
  5 toadstools (D:1)
6 creatures vanquished.

Grand Total: 50 creatures vanquished

Notes
Turn   | Place    | Note
-------+----------+-------------------------------------------
     0 | D:1      | jimonade the Djinni Fighter began the quest for the Orb.
     0 | D:1      | Reached XP level 1. HP: 20/20 MP: 0/0
   589 | D:1      | Reached XP level 2. HP: 17/25 MP: 0/0
  1290 | D:2      | Found a faded altar of an unknown god.
  1485 | D:2      | Found Uqen's Assorted Antiques.
  1998 | D:3      | Reached XP level 3. HP: 29/30 MP: 0/0
  1998 | D:3      | Learned a level 1 spell: Slow
  2359 | D:3      | Reached XP level 4. HP: 35/35 MP: 0/0
  2540 | D:3      | Noticed a scorpion
  2561 | D:3      | Killed a scorpion
  2562 | D:3      | Reached XP level 5. HP: 7/41 MP: 0/0
  2562 | D:3      | Learned a level 2 spell: Call Imp
  3234 | D:4      | Noticed a phantom
  3254 | D:4      | Slain by a kobold

Illustrated notes

Levels and vault maps discovered:
D:1:      ldierk_walled_garden, layout_loops_corners
D:2:      layout_basic, serial_shops, shop, nicolae_ecumenical_oubliette
D:3:      layout_loops_ring, serial_rivers, chequers_serial_rivers_room_b,
          chequers_serial_rivers_small_b, chequers_serial_rivers_micro_b,
          chequers_serial_rivers_room_b, chequers_serial_rivers_micro_d,
          chequers_serial_rivers_micro_d, wander_ebering_terrifying_dragon_lair
D:4:      layout_rooms, chequers_temple_overflow_statue_of_worship,
          mainiacjoe_overflow_brackets, portal_sewer_entry_a,
          grunt_ministairs_13, hangedman_abyss_or_decor_passed,
          guppyfry_shop_venom

Skill      XL: |  1  2 |
---------------+-------+-----
Long Blades    | 2 |  2.9
Fighting       | |  3.8
Ranged Weapons | |  0.9
Armour         | |  3.5
Dodging        | |  0.7
Shields        | |  3.3
Spellcasting   | |  0.1

Action                   |  1- 3 |  4- 6 || total
-------------------------+-------+-------++-------
Melee: Long sword        |    70 |    40 ||   110
 Fire: Sling             |    15 |    23 ||    38
  Use: Scroll            |       |     3 ||     3
       Potion            |       |     1 ||     1
Armor: Scale mail        |    21 |    36 ||    57
Dodge: Dodged            |    33 |    31 ||    64
Block: Buckler           |    13 |    26 ||    39

Table legend: (Time is in decaauts)
 A = Elapsed time spent in this place.
 B = Non-inter-level travel time spent in this place.
 C = Inter-level travel time spent in this place.
 D = Time resting spent in this place.
 E = Time spent auto-exploring this place.
 F = Levels seen in this place.
 G = Mean time per level.
                   A        B        C        D        E       F      G
               +--------+--------+--------+--------+--------+-----+--------+
         Total |   3302 |   3192 |    110 |    276 |   2399 |   4 |  825.5 |
       Dungeon |   3302 |   3192 |    110 |    276 |   2399 |   4 |  825.5 |
               +--------+--------+--------+--------+--------+-----+--------+

Top non-repeatable levels by time:
     D:3: 1268 daAuts
     D:1: 1109 daAuts
     D:2: 886 daAuts
     D:4: 38 daAuts
